 Dungeon Crawl Stone Soup version 0.27-a0-660-g90476cec82 (webtiles) character file.

Game seed: 317351245420199079

4 MalarOregon the Firebug (level 1, -2/11 HPs)
             Began as a Halfling Fire Elementalist on Mar 16, 2021.
             Hit by a stone thrown by a kobold (5 damage)
             ... on level 1 of the Dungeon.
             The game lasted 00:00:28 (179 turns).

MalarOregon the Firebug (Halfling Fire Elementalist) Turns: 179, Time: 00:00:29

Health: -2/11      AC:  2    Str:  9    XL:     1   Next: 66%
Magic:  0/3        EV: 14    Int: 13    God:
Gold:   31         SH:  0    Dex: 14    Spells: 2/3 levels left

rFire    . . .     SeeInvis .   (weapon restricted)
rCold    . . .     Faith    .   (shield restricted)
rNeg     . . .     Spirit   .   a - +0 robe
rPois    .         Reflect  .   (no helmet)
rElec    .         Harm     .   (no cloak)
rCorr    .         Rampage  .   (no gloves)
Will     .....                  (no boots)
Stlth    ++........             (no amulet)
HPRegen  0.03/turn              (no ring)
MPRegen  0.08/turn              (no ring)

@: no status effects
A: small, no large weapons, mutation resistance 1
a: no special abilities


You were on level 1 of the Dungeon.
You visited 1 branch of the dungeon, and saw 1 of its levels.

You collected 31 gold pieces.

Inventory:

Armour
 a - a +0 robe (worn)
Scrolls
 b - a scroll of teleportation {unknown}


   Skills:
 + Level 0.1 Fighting
 + Level 2.2 Dodging
 - Level 2.1 Stealth
 + Level 1.6 Spellcasting
 + Level 0.8 Conjurations
 * Level 3.1 Fire Magic


You had 2 spell levels left.
You knew the following spells:

 Your Spells              Type           Power      Damage    Failure   Level
a - Foxfire               Conj/Fire      24%        2x1d5     12%         1

Your spell library contained the following spells:

 Spells                   Type           Power      Damage    Failure   Level
 Conjure Flame            Conj/Fire      6%         6-21      34%         3
 Inner Flame              Hex/Fire       5%         N/A       38%         3
 Sticky Flame             Conj/Fire      6%         2d3       75%         4
 Fireball                 Conj/Fire      3%         3d4       97%         5


Dungeon Overview and Level Annotations

Branches:
Dungeon (1/15)

Altars:


Innate Abilities, Weirdness & Mutations

You are small and have problems with some larger weapons.
You are somewhat resistant to further mutation.


Message History

You kill the giant cockroach!
You are too depleted to draw on your mana recklessly!
You are too depleted to draw on your mana recklessly!
Unknown command.
Found 7 gold pieces.
You now have 7 gold pieces.
Found 12 gold pieces.
You now have 19 gold pieces (gained 12).
Found 12 gold pieces.
Found a stone staircase leading down.
You now have 31 gold pieces (gained 12).
Found a club.
A goblin comes into view. It is wielding a +0 club.
A goblin is nearby!
A goblin is nearby!
Found 19 stones.
You miscast Foxfire.
You are very lightly contaminated with residual magic.
Nothing appears to happen.
You miscast Foxfire.
Nothing appears to happen.
The goblin shouts!
A giant cockroach comes into view.
You miscast Foxfire.
Nothing appears to happen.
You are too depleted to draw on your mana recklessly!
A kobold comes into view. It is wielding a +0 club.
The kobold picks up some gold.
A kobold comes into view.
The goblin closely misses you.
Unknown command.
The kobold shouts!
The giant cockroach bites you but does no damage.
You conjure some foxfire!
The giant cockroach closely misses you.
You barely miss the giant cockroach.
The foxfire hits the goblin.
You kill the goblin!
The foxfire hits the giant cockroach.
The giant cockroach closely misses you. The giant cockroach bites you.
Your magical contamination has completely faded away.
The giant cockroach barely misses you. The giant cockroach bites you.
You conjure some foxfire!
The giant cockroach bites you.
You hit the giant cockroach but do no damage.
The foxfire hits the giant cockroach. x2
You kill the giant cockroach!
You hit the kobold but do no damage. The kobold hits you with a +0 club.
* * * LOW HITPOINT WARNING * * *
The kobold closely misses you.
The kobold throws a stone.
The stone hits you.
* * * LOW HITPOINT WARNING * * *
The kobold throws a stone.
The stone hits you.
You die...

###K....# #..)..#
###...#
##################...#
.....................#
#######K##############
#.## ♣♣♣♣ #..# ♣♣♣...
##@#######♣♣♣♣.....
#.............[...
#.................
#####.............
#..............
#♣.....(.#..#..
♣.......#..#.P
♣♣......#..#8.
♣♣.....#..#.P


You could see a kobold.

Vanquished Creatures
  2 giant cockroaches (D:1)
  A bat (D:1)
  A goblin (D:1)
4 creatures vanquished.

Vanquished Creatures (others)
  14 foxfires (D:1)
14 creatures vanquished.

Grand Total: 18 creatures vanquished

Notes
Turn   | Place    | Note
-------+----------+-------------------------------------------
     0 | D:1      | MalarOregon the Halfling Fire Elementalist began the quest
                  | for the Orb.
     0 | D:1      | Reached XP level 1. HP: 11/11 MP: 3/3
   179 | D:1      | Hit by a stone thrown by a kobold

Illustrated notes

Levels and vault maps discovered:
D:1:      sevenhm_arrival_forest_fort_large_4, layout_rooms

Action                   || total
-------------------------++-------
Melee: Unarmed           ||     3
 Cast: Foxfire           ||     7
Armor: Robe              ||     1
Dodge: Dodged            ||     5

Table legend: (Time is in decaauts)
 A = Elapsed time spent in this place.
 B = Non-inter-level travel time spent in this place.
 C = Inter-level travel time spent in this place.
 D = Time resting spent in this place.
 E = Time spent auto-exploring this place.
 F = Levels seen in this place.
 G = Mean time per level.
                   A        B        C        D        E       F      G
               +--------+--------+--------+--------+--------+-----+--------+
         Total |    179 |    179 |      0 |      0 |    133 |   1 |  179.0 |
       Dungeon |    179 |    179 |      0 |      0 |    133 |   1 |  179.0 |
               +--------+--------+--------+--------+--------+-----+--------+

Top non-repeatable levels by time:
     D:1: 179 daAuts
